 Dungeon Crawl Stone Soup version 0.29.1-12-g30fa7ad0bf (webtiles) character file.

Game seed: 16610091391767377743

3049 ChadusMaximus the Blocker (level 9, -1/75 (82) HPs)
             Began as a Minotaur Fighter on Dec 13, 2022.
             Slain by Joseph
             ... wielding a +3 quarterstaff of draining
              (6 damage)
             ... on level 7 of the Dungeon.
             The game lasted 00:05:21 (5426 turns).

ChadusMaximus the Blocker (Minotaur Fighter)        Turns: 5426, Time: 00:05:21

HP:   -1/75 (82)    AC: 12    Str: 26    XL:     9   Next: 57%
MP:   2/2           EV:  7    Int:  5    God:
Gold: 359           SH: 10    Dex: 12    Spells: 8/8 levels left

rFire   . . .      SeeInvis +   n - +6 trident "Welypt" {antimagic, rPois Dex+3 SInv}
rCold   . . .      Faith    .   g - +0 kite shield
rNeg    . . .      Spirit   .   h - +0 chain mail
rPois   +          Reflect  .   (helmet restricted)
rElec   .          Harm     .   (no cloak)
rCorr   .          Rampage  .   t - +0 pair of gloves
Will    .....                   (no boots)
Stlth   ..........              (no amulet)
HPRegen 0.22/turn               v - ring of see invisible
MPRegen 0.08/turn               (no ring)

@: drained
A: horns 2, retaliatory headbutt
a: no special abilities


You were on level 7 of the Dungeon.
You visited 2 branches of the dungeon, and saw 8 of its levels.

You collected 359 gold pieces.

Inventory:

Hand Weapons
 a - a +0 war axe
 n - the +6 trident "Welypt" (weapon) {antimagic, rPois Dex+3 SInv}
   (You found it on level 2 of the Dungeon)

   It reduces the magical energy of the wielder, and disrupts the spells and
   magical abilities of those it strikes.
   Natural abilities and divine invocations are not affected.
   Dex:       It affects your dexterity (+3).
   rPois:     It protects you from poison.
   SInv:      It lets you see invisible.
Missiles
 y - 7 boomerangs (quivered)
Armour
 b - a +0 scale mail
 c - a +0 buckler
 g - a +0 kite shield (worn)
 h - a +0 chain mail (worn)
 t - a +0 pair of gloves (worn)
Jewellery
 v - a ring of see invisible (left hand)
 B - a ring of resist corrosion
 E - a ring of willpower
 F - a ring of positive energy
Wands
 A - a wand of roots (2)
 D - a wand of digging (2)
Scrolls
 e - 4 scrolls of identify {unknown}
 f - a scroll of fog {unknown}
 l - 2 scrolls of vulnerability {unknown}
 m - a scroll of enchant weapon {unknown}
 p - a scroll of summoning {unknown}
 r - 2 scrolls of blinking {unknown}
 u - 3 scrolls of teleportation {unknown}
 z - a scroll of brand weapon {unknown}
 C - a scroll of poison {unknown}
 H - a scroll of amnesia {unknown}
Potions
 d - a potion of might
 i - 5 potions of attraction {unknown}
 j - a potion of heal wounds
 k - a potion of brilliance {unknown}
 o - 2 potions of mutation {unknown}
 q - 2 potions of curing {unknown}
 s - 2 potions of cancellation {unknown}
 w - a potion of lignification {unknown}
 x - a potion of degeneration {unknown}
 G - a potion of haste {unknown}


   Skills:
 + Level 8.8 Fighting
 + Level 8.4 Axes
 + Level 8.9 Armour
 + Level 8.9 Shields


You had 8 spell levels left.
You didn't know any spells.
Your spell library contained the following spells:

 Spells                   Type           Power      Damage    Failure   Level
 Freeze                   Ice            0%         1d3       99%         1
 Magic Dart               Conj           0%         1d3       99%         1
 Call Imp                 Summ           0%         N/A       100%        2
 Searing Ray              Conj           0%         2d4       100%        2
 Static Discharge         Conj/Air       0%         3-3/arc   100%        2
 Frozen Ramparts          Ice            0%         1d1       100%        3
 Mephitic Cloud           Conj/Pois/Air  0%         N/A       100%        3
 Dispel Undead            Necr           0%         3d6       100%        4
 Fulminant Prism          Conj/Hex       0%         3d6       100%        4
 Hailstorm                Conj/Ice       0%         3d3       100%        4
 Sticky Flame             Conj/Fire      0%         2d3       100%        4
 Summon Forest            Summ/Tloc      0%         N/A       100%        5
 Eringya's Noxious Bog    Tmut/Pois      0%         N/A       100%        6
 Summon Hydra             Summ           0%         N/A       100%        7


Dungeon Overview and Level Annotations

Branches:
Dungeon (7/15)             Temple (1/1) D:4

Altars:
Ashenzari
Cheibriados
Dithmenos
Elyvilon
Fedhas
Gozag
Hepliaklqana
Makhleb
Nemelex Xobeh
Qazlal
Ru
Sif Muna
Trog
Vehumet
Wu Jian
Xom
Yredelemnul
Zin
The Shining One

Shops:
D:1 :   D:6 ?

Annotations:
D:7 Joseph


Innate Abilities, Weirdness & Mutations

You have a pair of horns on your head.
You reflexively headbutt those who attack you in melee.


Message History

Joseph is nearby!
Joseph shoots a sling bullet.
You block the sling bullet.
Joseph shoots a sling bullet.
The sling bullet hits you! The sling bullet burns you.
Joseph shoots a sling bullet.
The sling bullet hits you but does no damage.
You reach to attack!
You closely miss Joseph.
Joseph shoots a sling bullet.
The sling bullet hits you. The sling bullet burns you.
You reach to attack!
You closely miss Joseph.
Joseph shouts, "I love to fight!
I love killing!"
Joseph shoots a sling bullet.
You block the sling bullet.
You reach to attack!
You hit Joseph but do no damage.
Joseph shoots a sling bullet.
The sling bullet hits you! The sling bullet burns you.
You are too injured to fight recklessly!
You are too injured to fight recklessly!
You are too injured to fight recklessly!
You are too injured to fight recklessly!
You are too injured to fight recklessly!
You barely miss Joseph. Your headbutt misses Joseph.
Joseph unwields a +2 sling of flaming.
It stops flaming.
Joseph wields a +3 quarterstaff of draining.
You sense an unholy aura.
Joseph hits you but does no damage.
You feel drained.
You puncture Joseph!
Joseph is lightly wounded.
Joseph hits you with a +3 quarterstaff of draining.
You feel drained.
You hit Joseph. You headbutt Joseph, but do no damage.
Joseph is lightly wounded.
Joseph hits you with a +3 quarterstaff of draining!
* * * LOW HITPOINT WARNING * * *
You feel drained.
* * * LOW HITPOINT WARNING * * *
You hit Joseph but do no damage.
Joseph is lightly wounded.
Joseph says, "It's nothing personal, but I have to kill you."
Joseph hits you with a +3 quarterstaff of draining!
* * * LOW HITPOINT WARNING * * *
You feel drained.
You die...

....######### ########.
...#....... ...##...#..
........... ....#...#..
##.........
#..################
###...)...#........#####
#.........#.....@@......
#.......................
#.......................
#.....................##
######................#
#.......>.########
#......#### ########


You could see Joseph.

Vanquished Creatures
  Pikel (D:4)
  Eustachio (D:4)
  An orc warrior (D:6)
  2 ice beasts
  3 black bears
  A sky beast (D:4)
  4 ogres
  A centaur (D:7)
  A kobold brigand (D:6)
  A phantom (D:6)
  2 bullfrogs
  Blork the orc (D:5)
  5 necrophages
  3 scorpions
  A jelly (D:6)
  A howler monkey (D:7)
  An orc priest (D:3)
  3 hounds
  3 iguanas
  4 orc wizards
  3 gnolls (D:4)
  8 adders
  A white imp (D:6)
  An ufetubus (D:6)
  A worm (D:2)
  2 dart slugs
  25 orcs
  7 bats
  9 endoplasms
  6 goblins
  4 hobgoblins
  12 kobolds
  3 quokkas
  6 ball pythons
  2 frilled lizards (D:1)
  5 rats
135 creatures vanquished.

Notes
Turn   | Place    | Note
-------+----------+-------------------------------------------
     0 | D:1      | ChadusMaximus the Minotaur Fighter began the quest for the
                  | Orb.
     0 | D:1      | Reached XP level 1. HP: 19/19 MP: 0/0
     2 | D:1      | Noticed a demonspawn
     4 | D:1      | Noticed a felid
     4 | D:1      | Noticed a troll
     6 | D:1      | Noticed an ogre
     6 | D:1      | Noticed an octopode
     9 | D:1      | Noticed a vampire
     9 | D:1      | Noticed a vine stalker
    11 | D:1      | Noticed a human
    11 | D:1      | Noticed an elf
    13 | D:1      | Noticed a ghoul
    15 | D:1      | Noticed a demigod
    15 | D:1      | Noticed a merfolk
    17 | D:1      | Noticed a tengu
    17 | D:1      | Noticed a meteoran
    19 | D:1      | Noticed a gargoyle
    19 | D:1      | Noticed a minotaur
    21 | D:1      | Noticed a draconian
    23 | D:1      | Noticed a formicid
    23 | D:1      | Noticed a spriggan
    25 | D:1      | Noticed a palentonga
    27 | D:1      | Noticed a minotaur
    27 | D:1      | Noticed a gargoyle
   294 | D:1      | Reached XP level 2. HP: 27/27 MP: 1/1
   357 | D:1      | Found Diclecewn's Vocational Training.
   673 | D:1      | Found a faded altar of an unknown god.
   990 | D:2      | Reached XP level 3. HP: 32/33 MP: 2/2
  1129 | D:2      | Identified the +6 trident "Welypt" {antimagic, rPois Dex+3
                  | SInv}
  1500 | D:3      | Reached XP level 4. HP: 23/40 MP: 1/3
  1683 | D:3      | Reached XP level 5. HP: 47/47 MP: 1/4
  1872 | D:3      | Found Neoka's Assorted Antiques.
  2030 | D:4      | Found an opulent altar of Gozag.
  2030 | D:4      | Found a snail-covered altar of Cheibriados.
  2030 | D:4      | Found a hazy altar of Hepliaklqana.
  2033 | D:4      | Found a burning altar of Makhleb.
  2041 | D:4      | Found a white marble altar of Elyvilon.
  2042 | D:4      | Found a bloodstained altar of Trog.
  2105 | D:4      | Noticed a sky beast
  2112 | D:4      | Reached skill level 5 in Armour
  2112 | D:4      | Reached skill level 5 in Shields
  2117 | D:4      | Killed a sky beast
  2118 | D:4      | Reached skill level 5 in Fighting
  2118 | D:4      | Reached XP level 6. HP: 18/56 MP: 1/5
  2349 | D:4      | Noticed Pikel
  2359 | D:4      | Killed Pikel
  2360 | D:4      | Reached skill level 5 in Axes
  2360 | D:4      | Reached XP level 7. HP: 60/63 MP: 2/6
  2459 | D:4      | Found a staircase to the Ecumenical Temple.
  2530 | D:4      | Noticed Eustachio
  2552 | D:4      | Killed Eustachio
  2603 | Temple   | Entered the Ecumenical Temple
  3106 | D:5      | Entered Level 5 of the Dungeon
  3236 | D:5      | Reached XP level 8. HP: 71/71 MP: 2/7
  3545 | D:5      | Found a shimmering altar of Xom.
  3625 | D:5      | Noticed Blork the orc
  3634 | D:5      | Killed Blork the orc
  4406 | D:6      | Reached XP level 9. HP: 81/81 MP: 2/8
  4448 | D:6      | Found Hyatisue's Magic Scroll Emporium.
  5414 | D:7      | Noticed Joseph
  5426 | D:7      | Slain by Joseph

Illustrated notes

Levels and vault maps discovered:
D:1:      kb_arrival_jail, layout_loops_ring, basic_ecumenical_altar,
          nicolae_shop_vocational
D:2:      layout_loops_ring
D:3:      layout_rooms, serial_shops, shop
D:4:      layout_loops_cross, grunt_temple_overflow_open,
          minmay_temple_entry_mist, uniq_eustachio, uniq_pikel
D:5:      layout_loops_ring, mainiacjoe_overflow_alcove_1,
          minmay_misc_feat_roman, uniq_blork_the_orc
D:6:      layout_loops_ring, kennysheep_windowed_goal
D:7:      layout_basic, lemuel_coloured_pillars_altar, uniq_joseph
Temple:   nicolae_temple_no_exploring_needed

Skill      XL: |  1  2  3  4  5  6  7  8  9 |
---------------+----------------------------+-----
Armour         | 4 5 6 7 8 |  8.9
Shields        | 4 5 6 7 8 |  8.9
Fighting       | 4 5 6 7 8 |  8.8
Axes           | 3 4 5 6 7 8 |  8.4

Action                   |  1- 3 |  4- 6 |  7- 9 || total
-------------------------+-------+-------+-------++-------
Melee: War axe           |    62 |       |       ||    62
       Headbutt          |    14 |     5 |    34 ||    53
       Trident           |    16 |    65 |   219 ||   300
Armor: Scale mail        |    14 |       |       ||    14
       Chain mail        |    47 |    30 |   100 ||   177
Dodge: Dodged            |    25 |     7 |    57 ||    89
Block: Buckler           |     5 |       |       ||     5
       Kite shield       |    25 |    29 |    91 ||   145
